 Dungeon Crawl Stone Soup version 0.27.1-1-g398f81649c (webtiles) character file.

Game seed: 2233814457819743728

186 pokedragonboy the Ruffian (level 5, -3/45 HPs)
             Began as a Naga Transmuter on Sept 14, 2021.
             Slain by a gnoll (4 damage)
             ... on level 3 of the Dungeon.
             The game lasted 00:10:17 (4345 turns).

pokedragonboy the Ruffian (Naga Transmuter)         Turns: 4345, Time: 00:10:23

Health: -3/45      AC:  2    Str: 13    XL:     5   Next: 65%
Magic:  6/9        EV: 10    Int: 13    God:
Gold:   107        SH:  0    Dex: 12    Spells: 3/9 levels left

rFire    . . .     SeeInvis +   l - +2 short sword (speed)
rCold    . . .     Faith    .   (no shield)
rNeg     . . .     Spirit   .   a - +0 robe
rPois    +         Reflect  .   (no helmet)
rElec    .         Harm     .   (no cloak)
rCorr    .         Rampage  .   (no gloves)
Will     .....                  (no barding)
Stlth    +.........             (no amulet)
HPRegen  0.15/turn              (no ring)
MPRegen  0.11/turn              (no ring)

@: short of breath, very slow
A: AC +1, large, see invisible, deformed body, poison resistance, slowness 2,
spit poison 1, naga tail 1
a: Spit Poison


You were on level 3 of the Dungeon.
You visited 1 branch of the dungeon, and saw 3 of its levels.

You collected 107 gold pieces.

Inventory:

Hand Weapons
 f - a +0 spear
 l - a +2 short sword of speed (weapon)
Missiles
 h - 92 stones
Armour
 a - a +0 robe (worn)
 b - a +0 chain mail
 j - a +0 leather armour
Jewellery
 g - a ring of positive energy
 o - a ring of ice
Scrolls
 c - 2 scrolls of enchant weapon {unknown}
 d - a scroll of immolation {unknown}
 k - a scroll of torment {unknown}
 m - a scroll of identify {unknown}
Potions
 i - a potion of flight
 n - a potion of degeneration {unknown}


   Skills:
 + Level 2.2 Fighting
 - Level 1.5 Dodging
 * Level 4.2 Unarmed Combat
 + Level 2.6 Spellcasting
 + Level 2.9 Transmutations
 * Level 2.9 Poison Magic


You had 3 spell levels left.
You knew the following spells:

 Your Spells              Type           Power      Damage    Failure   Level
a - Beastly Appendage     Tmut           18%        N/A       7%          1
b - Wereblood             Tmut           9%         N/A       11%         2
c - Spider Form           Tmut/Pois      4%         N/A       22%         3

Your spell library contained the following spells:

 Spells                   Type           Power      Damage    Failure   Level
 Ice Form                 Ice/Tmut       5%         N/A       78%         4


Dungeon Overview and Level Annotations

Branches:
Dungeon (3/15)

Altars:
Fedhas
Beogh

Annotations:
D:3 3 runed translucent doors, nxtlvl's ghost, weakling MiAK


Innate Abilities, Weirdness & Mutations

Your serpentine skin is tough. (AC +1)
You have supernaturally acute eyesight. (SInv)
Armour fits poorly on your strangely shaped body.
Your system is resistant to poisons. (rPois)
You cover ground very slowly.
You can spit poison.
You have a snake-like lower body.


Message History

The gnoll hits you but does no damage.
You hit the gnoll.
The gnoll is severely wounded.
The gnoll hits you with a +0 whip!
The gnoll hits you from afar with a +0 spear!
* * * LOW HITPOINT WARNING * * *
You barely miss the gnoll. Your headbutt misses the gnoll.
The gnoll is severely wounded.
A gnoll comes into view. It is wielding a +0 spear.
Okay, then.
Press: ? - help, Shift-Dir - straight line, f/p - gnoll
Aim: a gnoll, wielding a +0 spear (severely wounded)
The splash of poison hits the gnoll!
The gnoll is poisoned.
You feel a bit better.
You kill the gnoll!
You howl as the wereblood boils in your veins!
Your horns disappear.
The gnoll hits you from afar with a +0 spear.
* * * LOW HITPOINT WARNING * * *
The gnoll hits you from afar with a +0 spear.
* * * LOW HITPOINT WARNING * * *
Unknown command.
Okay, then.
Casting: Wereblood (safe; 11% risk of failure)
Confirm with . or Enter, or press ? or * to list all spells.
Okay, then.
It was a potion of flight.
You feel very buoyant.
You fly up into the air.
The gnoll hits you from afar with a +0 spear.
* * * LOW HITPOINT WARNING * * *
The gnoll barely misses you.
It was a potion of cancellation.
Your magical effects are unravelling.
You feel magically purged.
You howl as the wereblood boils in your veins!
You float gracefully downwards.
Your primal bloodlust has ended.
The gnoll hits you from afar with a +0 spear.
You die...

#...)#.#.##.#...
#....†.# ...####
###....###########
######...##.#
#.......
#....'...##.#
#.######
###.##...##.####.#
#.##.####.##.#.#
#.##.#
#.##.#.#####
#.##@#
#.##.......#
#.##)# ###.###.#
#.##gg.gg... #.#
#.# #.##..###g##
#.###'## ...#..#
#.#..... ......#
#.#..... #..##.#
#.#..... #..# ..
+.#..... #..# ##
###.....


You could see 2 gnolls.

Vanquished Creatures
  A centaur skeleton (D:3)
  2 adders
  6 gnolls
  A worm (D:3)
  A dart slug (D:1)
  7 orcs (D:3)
  7 bats
  8 endoplasms
  A giant cockroach (D:2)
  7 goblins
  10 hobgoblins
  A quokka (D:1)
  7 ball pythons
  3 frilled lizards
  6 kobolds
  3 rats
71 creatures vanquished.

Notes
Turn   | Place    | Note
-------+----------+-------------------------------------------
     0 | D:1      | pokedragonboy the Naga Transmuter began the quest for the
                  | Orb.
     0 | D:1      | Reached XP level 1. HP: 18/18 MP: 3/3
   489 | D:1      | Reached XP level 2. HP: 25/25 MP: 1/5
   743 | D:1      | Reached XP level 3. HP: 31/31 MP: 4/6
   769 | D:1      | Learned a level 2 spell: Wereblood
   773 | D:1      | Learned a level 3 spell: Spider Form
  1324 | D:1      | Reached skill level 1 in Poison Magic
  1607 | D:2      | HP: 1/31 [adder (3)]
  1985 | D:2      | Found a blossoming altar of Fedhas.
  2114 | D:2      | Reached XP level 4. HP: 30/38 MP: 7/7
  2397 | D:2      | Found a faded altar of an unknown god.
  3496 | D:3      | Reached skill level 4 in Unarmed Combat
  3496 | D:3      | Reached XP level 5. HP: 28/45 MP: 4/8
  3640 | D:3      | Found a runed translucent gate.
  3642 | D:3      | Found a runed translucent gate.
  3643 | D:3      | Noticed nxtlvl's ghost (weakling MiAK)
  3644 | D:3      | Found a runed translucent gate.
  4344 | D:3      | HP: 1/45 [gnoll (4)]
  4345 | D:3      | Slain by a gnoll

Illustrated notes

Levels and vault maps discovered:
D:1:      heliophobic_arrival_enchanted_forest, layout_basic
D:2:      layout_basic, dreamdust_ecumenical_altar_hidden_monk_grotto,
          basic_altar
D:3:      layout_basic, biasface_ghost_orc_armoury, st_stairs_2

Skill      XL: |  1  2  3  4 |
---------------+-------------+-----
Poison Magic   | 1 2 |  2.9
Fighting       | 2 |  2.2
Unarmed Combat | 4 |  4.2
Dodging        | |  1.5
Spellcasting   | |  2.6
Transmutations | |  2.9

Action                   |  1- 3 |  4- 6 || total
-------------------------+-------+-------++-------
Melee: Unarmed           |    94 |    59 ||   153
       Headbutt          |     9 |    10 ||    19
       Short sword       |       |    31 ||    31
 Cast: Beastly Appendage |    26 |    29 ||    55
       Wereblood         |     1 |     3 ||     4
 Abil: Spit Poison       |    18 |    15 ||    33
  Use: Potion            |     1 |     3 ||     4
 Stab: Sleeping          |       |     1 ||     1
Armor: Robe              |    14 |    18 ||    32
Dodge: Dodged            |    40 |    45 ||    85
